Map: Interloper LE

Players

tete - Winner!

  • Race: Zerg Zerg
  • League: Platinum
  • Spawn Location: 11:00

Juxtapose

  • Race: Terran Terran
  • League: Gold
  • Spawn Location: 5:00

VOD

https://youtu.be/8_rY2flgpOE

Description

In this match, I begin properly trying to wean myself off the All Army Hotkey. I place my army in general on "0," which traditionally has been my unit producing structures, which I've now moved to "7."

With this change, and the fact that I'm not used to it yet, I actually attack my own buildings a few times! I didn't realize what was going on at first, and felt quite silly once I clued in. I ultimately did still use the All Army Hotkey, but this is a step in the right direction.

I also learned after the match that my opponent's MMR was about 600 higher than mine, which is quite the significant difference for me. Still, I had a really fun match.

Time

  • Played on: Sept. 3, 2017, 6:48 p.m.
  • Length: 14:14
Show
View Real Time Build Order
Export as new Build Order

tete Zerg - Winner!

Build Orders: Hatch First, Lurkers 

Get SALT Encoding   

  12  0:10  Overlord  
  12  0:13  Drone  
  13  0:18  Drone  
  14  0:31  Drone  
  14  0:33  Drone  
  16  0:44  Drone  
  17  0:56  Hatchery  
  16  1:02  Drone  
  17  1:09  Extractor  
  16  1:15  Spawning Pool  
  15  1:18  Drone  
  15  1:22  Drone  
  17  1:26  Drone  
  18  1:37  Drone  
  19  1:51  Overlord  
  19  2:04  Queen  
  19  2:07  Zergling x2  
  19  2:08  Zergling x2  
  23  2:11  Queen  
  25  2:23  Metabolic Boost  
  25  2:24  Drone  
  25  2:25  Drone x2  
  28  2:30  Drone  
  28  2:31  Drone  
  30  2:48  Drone x2  
  30  2:49  Queen  
  34  2:53  Overlord  
  34  3:06  Drone x2  
  34  3:08  Overlord  
  36  3:15  Spore Crawler  
  36  3:17  Drone  
  36  3:18  Spore Crawler  
  35  3:24  Spine Crawler, Drone  
  35  3:25  Drone x2  
  37  3:32  Queen  
  39  3:38  Drone x3  
  42  3:58  Roach Warren  
  41  4:06  Extractor, Drone x2  
  42  4:18  Drone x3  
  42  4:21  Drone  
  46  4:27  Queen  
  46  4:28  Overlord  
  48  4:38  Hatchery  
  47  4:45  Drone x3, Spore Crawler  
  49  4:48  Overlord x2  
  49  4:54  Roach x3  
  49  4:55  Roach x2  
  59  5:12  Extractor  
  58  5:14  Extractor  
  58  5:16  Lair  
  58  5:20  Drone x2  
  59  5:22  Evolution Chamber  
  59  5:23  Evolution Chamber  
  56  5:33  Roach x3  
  56  5:34  Roach x3  
  68  5:54  Drone x8  
  76  6:02  Drone x2  
  78  6:07  Pneumatized Carapace  
  78  6:09  Drone x3  
  81  6:15  Zerg Ground Armor Level 1, Zerg Missile Weapons Level 1  
  81  6:25  Overlord x4  
  81  6:29  Overseer  
  81  6:34  Extractor  
  81  6:36  Overlord x2  
  81  6:37  Extractor  
  81  6:39  Ravager  
  81  6:40  Ravager  
  81  6:47  Drone x5  
  83  6:49  Drone x3  
  83  6:50  Drone x3  
  92  6:58  Hydralisk Den  
  91  7:07  Spore Crawler  
  90  7:10  Spore Crawler  
  90  7:12  Drone x3  
  90  7:14  Spine Crawler  
  91  7:16  Glial Reconstitution  
  91  7:23  Overseer  
  91  7:33  Lurker Den  
  91  7:34  Infestation Pit  
  90  7:43  Hydralisk x3  
  95  7:46  Zergling x14  
  95  7:47  Zergling x14  
  109  8:19  Roach x10  
  97  8:55  Hydralisk x12  
  89  8:56  Hydralisk x3  
  115  9:23  Queen  
  117  9:29  Zerg Ground Armor Level 2, Zerg Missile Weapons Level 2  
  117  9:34  Extractor  
  117  9:35  Hatchery  
  117  9:37  Hive  
  115  9:39  Extractor  
  115  9:45  Lurker  
  115  10:32  Overlord x4  
  115  10:38  Lurker x7  
  122  10:54  Zergling x2  
  122  10:55  Zergling x28  
  137  11:00  Adrenal Glands  
  137  11:08  Ultralisk Cavern  
  137  11:10  Queen  
  138  11:16  Drone x6  
  138  11:17  Drone, Overlord x4  
  145  11:20  Overseer x3  
  130  11:49  Zerg Melee Weapons Level 1  
  130  11:51  Muscular Augments  
  130  11:53  Hydralisk x6  
  142  12:06  Zergling x2  
  142  12:07  Zergling x40  
  163  12:14  Drone x3  
  166  12:17  Drone  
  167  12:23  Chitinous Plating  
  131  13:09  Hydralisk  
  131  13:12  Roach  
  137  13:13  Roach x18  
  137  13:14  Ultralisk x2  
  178  13:31  Overlord x4  
  184  13:47  Extractor  
  177  13:51  Hatchery  
  177  13:52  Extractor  
Show
View Real Time Build Order
Export as new Build Order

Juxtapose Terran 

Build Orders: MMM Bio 

Get SALT Encoding   

  12  0:01  SCV  
  13  0:13  SCV  
  14  0:19  Supply Depot  
  14  0:25  SCV  
  15  0:40  SCV  
  16  0:45  Barracks  
  16  0:48  Supply Depot  
  16  0:52  SCV  
  17  1:04  Refinery  
  17  1:05  SCV  
  18  1:17  SCV  
  19  1:29  SCV  
  20  1:41  Marine  
  20  1:46  Orbital Command  
  21  1:50  Refinery  
  21  1:56  Supply Depot  
  21  2:02  Marine  
  22  2:13  Barracks  
  22  2:19  SCV  
  23  2:25  Factory  
  23  2:33  Barracks Reactor  
  23  2:34  SCV  
  24  2:40  Engineering Bay  
  24  2:46  SCV  
  24  2:58  SCV  
  25  3:08  Terran Infantry Weapons Level 1  
  25  3:09  Factory Reactor  
  25  3:10  SCV  
  26  3:13  Starport  
  26  3:22  Barracks Tech Lab  
  26  3:30  Command Center  
  26  3:33  Marine  
  26  3:34  Marine  
  28  3:43  Marine  
  28  3:47  Stimpack  
  29  3:51  Starport Tech Lab, Marine  
  30  4:01  Cyclone  
  33  4:14  Medivac  
  33  4:15  Marine x3  
  38  4:33  Marine  
  38  4:38  Supply Depot  
  39  4:41  Cyclone  
  39  4:42  Orbital Command  
  42  5:01  Supply Depot  
  42  5:07  Orbital Command  
  42  5:45  SCV  
  42  5:48  Combat Shields  
  43  5:53  Terran Infantry Armor Level 1  
  43  5:54  Medivac  
  46  5:57  SCV  
  46  6:10  Marine  
  46  6:11  Marine x2  
  49  6:14  SCV  
  50  6:20  Supply Depot  
  50  6:24  Medivac  
  52  6:26  SCV  
  52  6:28  Marine x2  
  52  6:29  Marine  
  56  6:43  SCV  
  56  6:45  Refinery  
  56  6:46  Marine  
  58  6:49  Refinery  
  58  6:53  Marine x2  
  60  6:54  Raven  
  60  6:55  SCV  
  63  7:04  Marine  
  63  7:07  SCV  
  65  7:11  Marine x2  
  67  7:19  SCV  
  67  7:22  Marine  
  69  7:23  Cyclone x2  
  75  7:31  SCV  
  76  7:37  Medivac  
  78  8:02  Unknown  
  78  8:39  Marine x3, Cyclone  
  77  8:43  Cyclone  
  57  8:57  Marine x3  
  56  9:08  Corvid Reactor  
  56  9:11  Raven  
  56  9:13  Command Center  
  56  9:15  Marine x3  
  61  9:19  SCV  
  61  9:21  SCV  
  63  9:31  SCV  
  64  9:33  SCV, Marine x3  
  64  9:36  Barracks  
  68  9:43  SCV  
  70  9:45  SCV  
  70  9:47  Armory  
  70  9:49  Cyclone x2  
  70  9:51  Marine x2  
  78  10:00  Supply Depot  
  78  10:04  Unknown  
  78  10:07  Unknown  
  78  10:18  Unknown  
  78  10:21  Cyclone, SCV x2, Marine x3  
  78  10:23  Supply Depot  
  78  10:25  Cyclone  
  78  10:26  Raven  
  78  10:27  Recalibrated Explosives  
  91  10:31  Planetary Fortress  
  91  10:33  SCV x2  
  93  10:36  Missile Turret  
  93  10:39  Marine x3  
  96  10:46  Supply Depot  
  96  10:51  Barracks Reactor  
  96  10:53  Cyclone, Terran Infantry Weapons Level 2  
  96  10:57  Marine x3  
  99  11:03  Supply Depot  
  102  11:09  Refinery, SCV  
  103  11:14  Marine x2  
  105  11:18  Marine  
  105  11:21  SCV  
  105  11:24  Liberator  
  107  11:32  Marine x2  
  107  11:33  SCV  
  107  11:36  Marine  
  111  11:44  Marine x2  
  111  11:45  SCV  
  117  11:50  Supply Depot, Marine x2  
  119  11:54  Marine  
  119  11:59  Terran Vehicle Weapons Level 1  
  120  12:02  Marine x2  
  120  12:03  SCV  
  120  12:07  Liberator  
  120  12:08  Marine x2  
  124  12:12  Marine  
  124  12:13  Supply Depot  
  124  12:14  Cyclone x2  
  132  12:16  SCV  
  132  12:20  Marine x2  
  135  12:26  Marine x2  
  135  12:28  SCV  
  141  12:30  Marine  
  142  12:38  Marine x2  
  142  12:43  Marine  
  142  12:44  Marine  
  146  12:46  Cyclone x2  
  146  12:47  Marine  
  153  12:55  Marine  
  153  12:56  Marine  
  105  13:01  Marine x2  
  105  13:05  Marine  
  84  13:13  Marine x2  
  84  13:18  Cyclone  
  84  13:19  Marine x2  
  89  13:23  Marine  
  87  13:31  Marine x2  
  89  13:37  Marine x2  
  89  13:41  Marine  
  84  13:49  Marine x2  
  84  13:55  Marine x2  
Tags
 
Composition
LurkersMMM Bio
Matchup
TvZ
Spawn Locations
Cross Positions
Add a new tag
Caveats
  • Supply blocks, unpowered buildings, or Contaminate may cause inaccurate times.
  • Supply counts are checked every 10 seconds.